 Dungeon Crawl Stone Soup version 0.30.1-4-g462c640d31 (webtiles) character file.

Game seed: 7651638280365752507

3761 buriedalive the Nimble (level 9, -1/50 HPs)
             Began as a Deep Elf Ice Elementalist on Sept 16, 2023.
             Was an Initiate of Ashenzari.
             Slain by an orc warlord
             ... wielding a +7 executioner's axe
              (16 damage)
             ... in a bailey.
             The game lasted 00:33:09 (10382 turns).

buriedalive the Nimble (Deep Elf Ice Elementalist) Turns: 10382, Time: 00:33:10

Health: -1/50      AC: 13    Str:  8    XL:     9   Next: 94%
Magic:  18/18      EV: 18    Int: 25    God:    Ashenzari [......]
Gold:   313        SH:  0    Dex: 17    Spells: 5/18 levels left

rFire   + + .        D - +8 lance "Wyrmbane" {slay drac, rPois rF+ rC+ AC+3}
rCold   + + +        (no shield)
rNeg    . . .        F - +1 robe {rC+}
rPois   +            (no helmet)
rElec   .            n - +1 cloak
rCorr   .            (no gloves)
SInv    +            j - +2 pair of boots
Will    +....        g - amulet of magic regeneration
Stlth   ++           y - ring of the Genius {rF+ rC+ Str+3 Int+2 SInv}
HPRegen 0.28/turn    h - ring of willpower
MPRegen 0.56/turn

%: no passive effects
@: brilliant, freezing walls
A: iridescent scales 1
a: Renounce Religion


You were in a bailey.
You worshipped Ashenzari.
Ashenzari was noncommittal.
You visited 2 branches of the dungeon, and saw 10 of its levels.
You also visited: Bailey.

You collected 313 gold pieces.

Inventory:

Hand Weapons
 l - a +1 whip
 D - the +8 lance "Wyrmbane" (weapon) {slay drac, rPois rF+ rC+ AC+3}
   (You found it on level 7 of the Dungeon)

   AC:        It affects your AC (+3).
   rF:        It protects you from fire.
   rC:        It protects you from cold.
   rPois:     It protects you from poison.
Missiles
 d - 44 stones
 e - 6 atropa-tipped darts
 q - 2 throwing nets
 r - 25 poisoned darts
 A - a curare-tipped dart
 H - 12 boomerangs
Armour
 a - a +2 robe
 j - a +2 pair of boots (worn)
 n - a +1 cloak (worn)
 F - a +1 robe of cold resistance (worn)
Jewellery
 g - an amulet of magic regeneration (around neck)
 h - a ring of willpower (right hand)
 s - a ring of wizardry
 w - an amulet of faith
 x - a ring of resist corrosion
 y - the ring of the Genius (left hand) {rF+ rC+ Str+3 Int+2 SInv}
   (You found it on level 3 of the Dungeon)

   [ring of protection from fire]

   Str:       It affects your strength (+3).
   Int:       It affects your intelligence (+2).
   rF:        It protects you from fire.
   rC:        It protects you from cold.
   SInv:      It lets you see invisible.
 E - a ring of positive energy
Wands
 i - a wand of charming (13)
 p - a wand of iceblast (18)
 v - a wand of flame (16)
Scrolls
 k - 4 scrolls of magic mapping
 o - 4 scrolls of fear
 t - 2 scrolls of identify
 u - 4 scrolls of teleportation
 z - a scroll of silence
 B - a scroll of enchant weapon
 C - 2 scrolls of blinking
 I - a scroll of summoning
 J - a scroll of fog
Potions
 b - 4 potions of magic
 f - 2 potions of mutation
 m - a potion of brilliance


   Skills:
 + Level 3.0 Fighting
 + Level 2.7 Polearms
 + Level 10.9 Dodging
 - Level 2.4 Stealth
 - Level 5.0 Spellcasting
 - Level 6.0 Summonings
 + Level 1.2 Translocations
 - Level 9.0 Ice Magic


You had 5 spell levels left.
You knew the following spells:

 Your Spells              Type           Power      Damage    Failure   Level
a - Freeze                Ice            100%       1d10      1%          1
b - Ozocubu's Armour      Ice            67%        N/A       1%          3
c - Frozen Ramparts       Ice            100%       1d16      1%          3
d - Summon Ice Beast      Ice/Summ       60%        N/A       3%          4
e - Blink                 Tloc           36%        N/A       8%          2

Your spell library contained the following spells:

 Spells                   Type           Power      Damage    Failure   Level
 Lesser Beckoning         Tloc           36%        N/A       8%          2
 Beastly Appendage        Tmut           18%        N/A       9%          1
 Sting                    Tmut/Pois      36%        1d4       9%          1
 Momentum Strike          Conj/Tloc      26%        3d8       10%         2
 Poisonous Vapours        Pois/Air       18%        N/A       12%         2
 Wereblood                Tmut           9%         N/A       12%         2
 Spider Form              Tmut/Pois      9%         N/A       24%         3
 Summon Lightning Spire   Summ/Air       31%        N/A       24%         4
 Olgreb's Toxic Radiance  Pois           9%         N/A       63%         4
 Storm Form               Tmut/Air       4%         N/A       100%        7
 Maxwell's Capacitive Co  Air            4%         ∞         100%        8


Dungeon Overview and Level Annotations

Branches:
Dungeon (9/15)             Temple (1/1) D:5          Bailey (1/1)
   Lair: D:8-11         Orc: D:9-12

Altars:
Ashenzari
Cheibriados
Dithmenos
Elyvilon
Fedhas
Gozag
Hepliaklqana
Kikubaaqudgha
Makhleb
Nemelex Xobeh
Okawaru
Qazlal
Ru
Sif Muna
Trog
Uskayaw
Vehumet
Wu Jian
Xom
Yredelemnul
Zin
The Shining One

Shops:
D:6 :


Innate Abilities, Weirdness & Mutations

You are partially covered in iridescent scales. (AC +2)


Message History

Casting: Summon Ice Beast (dangerous; 3% risk of failure)
Confirm with . or Enter, or press ? or * to list all spells.
Aiming: Freeze (safe; 1% risk of failure)
Press: ? - help, Shift-Dir - straight line, f/p - orc warlord
Aim: an orc warlord, wielding a +7 executioner's axe and wearing a +0 chain mail (lightly wounded, ally target)
You feel a surge of power!
You freeze the orc warlord!
The orc warlord is moderately wounded.
The wall freezes the orc warlord.
The orc warlord hits you with a +7 executioner's axe!
* * * LOW HITPOINT WARNING * * *
You feel much better.
The wall freezes the orc warlord but does no damage.
The orc warlord hits you but does no damage.
You puncture the orc warlord!
The orc warlord is moderately wounded.
The wall freezes the orc warlord.
The orc warlord hits you with a +7 executioner's axe!
The orc warlord hits your ice beast with a +7 executioner's axe!
You hit the orc warlord but do no damage.
The orc warlord is moderately wounded.
Your ice beast hits the orc warlord.
Your ice beast freezes the orc warlord!
You hit the orc warlord but do no damage.
The orc warlord is heavily wounded.
The wall freezes the orc warlord but does no damage.
The orc warlord hits you with a +7 executioner's axe!!
* * * LOW HITPOINT WARNING * * *
The orc warlord hits your ice beast with a +7 executioner's axe!
Your ice beast hits the orc warlord.
Your ice beast freezes the orc warlord!!
You feel better.
The wall freezes the orc warlord!
The orc warlord closely misses you.
The orc warlord hits your ice beast with a +7 executioner's axe!
Your ice beast barely misses the orc warlord.
Okay, then.
Okay, then.
You puncture the orc warlord!
The orc warlord is severely wounded.
The wall freezes the orc warlord.
The orc warlord hits you with a +7 executioner's axe!
You die...

##### ##### ##...## ##...##
##.....## ##.....##
##.......#######.......##
##..8..8...........8..8..##
#.........................#
#......)......Y@..........#
#...8......#''o#.....)8...#
##......####~~~####......##
♣##..)).#~~~~~~~~~#.....##♣
♣.##..†.#~.8...8.~#....##.♣
♣♣..###'###.......###'###..♣♣
♣...~~~.#~~.8...8.~~#.~~~...♣
♣...~~~.#~.........~#.~~~...♣♣
∩...~~~.# ...∩.... #.~~~...∩♣


You could see an orc warlord (ally target) and a friendly ice beast (summoned).

Vanquished Creatures
  Grinder (D:4)
  3 steam dragons
  Menkaure (D:5)
  Edmund (D:5)
  A black bear (D:6)
  An ice beast (D:5)
  2 sky beasts
  3 orc warriors (Bailey)
  A centaur (D:6)
  5 bullfrogs
  3 kobold brigands
  4 scorpions
  A gnoll sergeant (D:8)
  7 wights
  3 hounds
  2 gnoll boudas
  An orc priest (D:4)
  5 jellies
  6 iguanas
  A sleepcap (D:8)
  An orc wizard (D:5)
  Ijyb (D:5)
  21 gnolls
  9 adders
  3 river rats (D:5)
  A shadow imp (D:8)
  An ufetubus (D:5)
  2 worms
  2 dart slugs
  15 orcs
  6 ball pythons
  4 endoplasms
  3 giant cockroaches
  11 goblins
  9 hobgoblins
  5 quokkas
  3 bats (D:2)
  3 frilled lizards
  26 kobolds
  9 rats
187 creatures vanquished.

Notes
Turn   | Place    | Note
-------+----------+-------------------------------------------
     0 | D:1      | buriedalive the Deep Elf Ice Elementalist began the quest
                  | for the Orb.
     0 | D:1      | Reached XP level 1. HP: 10/10 MP: 6/6
   507 | D:1      | Reached XP level 2. HP: 15/15 MP: 6/8
   794 | D:1      | Reached skill level 3 in Dodging
  1223 | D:2      | Reached XP level 3. HP: 19/19 MP: 3/10
  2042 | D:3      | Learned a level 3 spell: Ozocubu's Armour
  2046 | D:3      | Learned a level 3 spell: Frozen Ramparts
  2447 | D:3      | Reached skill level 5 in Ice Magic
  2450 | D:3      | Reached XP level 4. HP: 24/24 MP: 7/12
  2605 | D:3      | Identified the ring of the Genius {rF+ rC+ Str+3 Int+2
                  | SInv}
  2820 | D:3      | Noticed a scorpion
  2886 | D:3      | Killed a scorpion
  2887 | D:3      | Reached skill level 4 in Dodging
  3128 | D:3      | Reached XP level 5. HP: 28/28 MP: 10/14
  3524 | D:4      | Noticed Grinder
  3552 | D:4      | Gained mutation: You are partially covered in iridescent
                  | scales. (AC +2) [potion of mutation]
  3568 | D:4      | Killed Grinder
  3569 | D:4      | Reached skill level 5 in Dodging
  3569 | D:4      | Reached skill level 5 in Spellcasting
  3569 | D:4      | Reached XP level 6. HP: 28/32 MP: 15/15
  3576 | D:4      | Learned a level 4 spell: Summon Ice Beast
  3634 | D:4      | Identified the +8 spear of Disarray {holy, Contam rN+++
                  | Dex-5 Stlth+}
  4041 | D:4      | Reached skill level 6 in Dodging
  4044 | D:4      | Reached skill level 1 in Summonings
  4403 | D:5      | Entered Level 5 of the Dungeon
  4444 | D:5      | Noticed Edmund
  4470 | D:5      | Noticed an ice beast
  4505 | D:4      | Learned a level 2 spell: Blink
  4515 | D:4      | Reached XP level 7. HP: 36/36 MP: 13/16
  4576 | D:5      | Killed Edmund
  4827 | D:5      | Found a staircase to the Ecumenical Temple.
  4845 | D:5      | Reached skill level 7 in Dodging
  4846 | Temple   | Entered the Ecumenical Temple
  5260 | D:5      | Noticed Ijyb
  5267 | D:5      | Killed Ijyb
  5336 | D:5      | Noticed Menkaure
  5564 | D:5      | Reached XP level 8. HP: 41/41 MP: 15/17
  5608 | D:5      | Killed Menkaure
  5952 | D:6      | Reached skill level 8 in Dodging
  6445 | D:6      | Reached skill level 5 in Summonings
  7301 | D:6      | Reached XP level 9. HP: 42/45 MP: 15/18
  7332 | D:6      | Found Tuxakaf's Book Emporium.
  7677 | D:7      | Reached skill level 9 in Dodging
  8319 | D:7      | Found a sparkling altar of Nemelex Xobeh.
  8322 | D:7      | Found an iron altar of Okawaru.
  8324 | D:7      | Found a shimmering altar of Xom.
  8325 | D:7      | Found a blossoming altar of Fedhas.
  8326 | D:7      | Found an opulent altar of Gozag.
  8328 | D:7      | Found a hazy altar of Hepliaklqana.
  8329 | D:7      | Found a glowing golden altar of the Shining One.
  8347 | D:7      | Found an ancient bone altar of Kikubaaqudgha.
  8507 | D:7      | Found the +8 lance "Wyrmbane" {slay drac, rPois rF+ rC+
                  | AC+3}
  8985 | D:8      | Reached skill level 10 in Dodging
  9033 | D:8      | Reached skill level 1 in Fighting
  9079 | D:8      | Reached skill level 1 in Polearms
  9644 | D:8      | Found a broken altar of Ashenzari.
  9648 | D:8      | Became a worshipper of Ashenzari the Shackled
 10062 | D:9      | Found a flagged portal.
 10082 | Bailey   | Entered a bailey
 10094 | Bailey   | Noticed an orc warlord
 10174 | Bailey   | Reached skill level 1 in Translocations
 10187 | Bailey   | Found a runed translucent gate.
 10188 | Bailey   | Found a runed translucent gate.
 10349 | Bailey   | Found a runed translucent gate.
 10382 | Bailey   | Slain by an orc warlord

Illustrated notes

Levels and vault maps discovered:
D:1:      dpeg_arrival_circle_labyrinth_c, layout_loops_cross,
          minmay_heptomino_o4
D:2:      layout_rooms
D:3:      layout_loops_corners, minmay_between
D:4:      layout_loops_ring, kennysheep_pointless_box, uniq_grinder
D:5:      layout_rooms, minmay_temple_entry_junction_2, portal_sewer_entry_b,
          uniq_edmund, uniq_ijyb, uniq_menkaure
D:6:      layout_rooms, serial_shops, nicolae_shop_tiny_glass
D:7:      layout_basic, minitemple
D:8:      layout_loops_ring, mainiacjoe_overflow_alcove_4
D:9:      layout_small_grid, lightli_bailey_entry_fortress,
          minmay_misc_feat_doors
Temple:   oiseaux_autumnal_temple
Bailey:   bailey_axe_bossmonster_kennysheep, bailey

Skill      XL: |  1  2  3  4  5  6  7  8  9 |
---------------+----------------------------+-----
Dodging        | 3 4 5 6 7 8 10 | 10.9
Spellcasting   | 4 5 |  5.0
Ice Magic      | 5 6 7 8 9 |  9.0
Summonings     | 1 3 5 6 |  6.0
Fighting       | 3 |  3.0
Polearms       | 2 |  2.7
Translocations | 1 |  1.2
Stealth        | |  2.4

Action                     |  1- 3 |  4- 6 |  7- 9 || total
---------------------------+-------+-------+-------++-------
  Melee: Unarmed           |     8 |       |       ||     8
         Whip              |    51 |    39 |   147 ||   237
         Punch             |       |       |     5 ||     5
         Lance             |       |       |    97 ||    97
  Throw: Dart              |       |       |     1 ||     1
   Cast: Freeze            |    51 |    39 |    47 ||   137
         Frozen Ramparts   |     2 |    15 |    43 ||    60
         Ozocubu's Armour  |       |     7 |    23 ||    30
         Summon Ice Beast  |       |       |     2 ||     2
  Evoke: Wand              |       |     1 |       ||     1
    Use: Scroll            |       |    14 |     5 ||    19
         Potion            |       |     8 |     7 ||    15
   Stab: Sleeping          |     9 |     2 |     9 ||    20
         Distracted        |       |       |     2 ||     2
 Armour: Robe              |    16 |    22 |    97 ||   135
  Dodge: Dodged            |    60 |    47 |   247 ||   354
